 Dungeon Crawl Stone Soup version 0.21-a0-173-g99db44b (webtiles) character file.

132 CanOfBees the Chucker (level 5, -4/54 HPs)
             Began as an Ogre Hunter on Aug 8, 2017.
             Slain by Sigmund
             ... wielding a +0 scythe
              (14 damage)
             ... on level 3 of the Dungeon.
             The game lasted 00:07:34 (3116 turns).

CanOfBees the Chucker (Ogre Hunter)                 Turns: 3116, Time: 00:07:35

Health: -4/54      AC:  3    Str: 17    XL:     5   Next: 15%
Magic:  5/5        EV: 10    Int: 12    God:
Gold:   93         SH:  0    Dex:  9    Spells: 4/4 levels left

rFire    . . .     SeeInvis .   l - +0 hunting sling
rCold    . . .     Gourm    .   (no shield)
rNeg     . . .     Faith    .   b - +0 robe
rPois    .         Spirit   .   (helmet restricted)
rElec    .         Reflect  .   (no cloak)
rCorr    .         Harm     .   (gloves unavailable)
MR       .....                  (boots unavailable)
Stlth    +.........             g - amulet of magic regeneration
HPRegen  0.18/turn              (no ring)
MPRegen  0.34/turn              (no ring)

@: no status effects
A: unfitting armour, tough skin 1
a: no special abilities


You were on level 3 of the Dungeon.
You were not hungry.

You visited 1 branch of the dungeon, and saw 3 of its levels.

You collected 93 gold pieces.

Inventory:

Hand Weapons
 a - a +0 short sword
 k - a +0 spear
 l - a +0 hunting sling (weapon)
 x - a +2 dagger of venom
Missiles
 c - 4 large rocks (quivered)
 i - 2 javelins
 n - 93 stones
 r - 11 poisoned needles
Armour
 b - a +0 robe (worn)
Jewellery
 g - an amulet of magic regeneration (around neck)
 j - an uncursed amulet of guardian spirit
Scrolls
 e - a scroll of recharging {unknown}
 h - 2 scrolls of remove curse {unknown}
 s - a scroll of fog {unknown}
 t - 2 scrolls of identify {unknown}
 u - a scroll of teleportation {unknown}
 v - 2 scrolls of amnesia {unknown}
Potions
 q - a potion of lignification {unknown}
Comestibles
 f - 3 bread rations
 o - a meat ration
 p - a royal jelly


   Skills:
 + Level 4.0 Fighting
 + Level 2.0 Polearms
 + Level 4.5 Throwing
 * Level 3.0 Dodging
 - Level 0.6 Stealth


You had 4 spell levels left.
You didn't know any spells.

Dungeon Overview and Level Annotations

Branches:
Dungeon (3/15)

Altars:
Makhleb
Ru

Annotations:
D:3 Sigmund


Innate Abilities, Weirdness & Mutations

You are too large for most types of armour.
You have tough skin. (AC +1)


Message History

Okay, then.
Throwing (i - inventory. (,) - cycle):
d - a throwing net (quivered)
Press: ? - help, Shift-Dir - straight line You throw a throwing net.
Something hits you!
* * * LOW HITPOINT WARNING * * *
Quiver which item? (- for none, * to show all) (? for menu, Esc to quit)
Quivering
c - 5 large rocks for throwing.
Okay, then.
Unknown command.
Okay, then.
Unknown command.
Unknown command.
Unknown command.
Unknown command.
Quiver which item? (- for none, * to show all) (? for menu, Esc to quit)
Quivering
c - 5 large rocks for throwing.
Throwing (i - inventory. (,) - cycle):
c - 5 large rocks (quivered)
Press: ? - help, Shift-Dir - straight line You throw a large rock.
Something hits you!
You die...

#..........
#########.#######
##.........#
#....########
#....# ...(.
#....# .((..
#....# .(....
##.####(....
#.@{.((# #...(..#
#......#
#..........
##......###
#.....(# #.(....#
#......# .......#


There were no monsters in sight!

Vanquished Creatures
  An orc wizard (D:2)
  Robin (D:2)
  An adder (D:2)
  2 worms
  2 dart slugs
  2 leopard geckos (D:1)
  9 bats
  3 giant cockroaches
  22 goblins
  3 hobgoblins
  2 jackals (D:2)
  4 kobolds
  A quokka (D:2)
  8 frilled lizards
  7 rats
68 creatures vanquished.

Notes
Turn   | Place    | Note
-------+----------+-------------------------------------------
     0 | D:1      | CanOfBees the Ogre Hunter began the quest for the Orb.
     0 | D:1      | Reached XP level 1. HP: 22/22 MP: 1/1
   354 | D:1      | Reached XP level 2. HP: 29/29 MP: 2/2
  1024 | D:1      | Reached skill level 1 in Polearms
  1050 | D:1      | Reached XP level 3. HP: 35/37 MP: 3/3
  1112 | D:2      | Found a burning altar of Makhleb.
  1435 | D:2      | Noticed Robin
  2133 | D:2      | Killed Robin
  2133 | D:2      | Reached XP level 4. HP: 29/46 MP: 4/4
  2420 | D:2      | Found a sacrificial altar of Ru.
  2750 | D:2      | Reached XP level 5. HP: 54/54 MP: 5/5
  3092 | D:3      | Noticed Sigmund
  3110 | D:3      | HP: 2/54 [something (14)]
  3116 | D:3      | Slain by Sigmund

Vault maps used:
D:1:      lightli_arrival_chessboard, minmay_tree_intersection, moated_statue
D:2:      nicolae_ru_great_annihilating_truth, first_bread, bloody_makhleb,
          uniq_robin
D:3:      grunt_temple_overflow_open, okawaru_gym_becter, uniq_ijyb,
          uniq_sigmund

Skill      XL: |  1  2  3  4  5 |
---------------+----------------+-----
Dodging        | 2 3 |  3.0
Fighting       | 3 4 |  4.0
Polearms       | 1 2 |  2.0
Throwing       | |  4.5
Stealth        | |  0.6

Action                   |  1- 3 |  4- 6 || total
-------------------------+-------+-------++-------
Melee: Spear             |   108 |       ||   108
 Fire: Hunting sling     |    31 |    64 ||    95
Throw: Stone             |    50 |       ||    50
       Javelin           |     8 |    11 ||    19
       Large rock        |    11 |     5 ||    16
       Throwing net      |       |     2 ||     2
  Use: Potion            |     1 |     2 ||     3
  Eat: Chunk             |     4 |     3 ||     7
Armor: Robe              |    54 |     3 ||    57
Dodge: Dodged            |    86 |     8 ||    94
